HSSL
MOUNTAIN POINTE HS @ MADAWASKA VALLEY HS WOLVES
05/11/2026
 
TOP OF THE 1ST
Mountain Pointe HS batting - Pitching for Madawaska Valley HS Wolves : RHP Greg Yager
Pitching: RHP Greg Yager
Batting: RHB Charlie Pérez 0-0: Called Strike
0-1: Ball
1-1: Called Strike
1-2: Foul Ball, location: 2F
1-2: Strikes out swinging
Batting: LHB Rob Johnson 0-0: Ball
1-0: Called Strike
1-1: Ball
2-1: Ball
3-1: Swinging Strike
3-2: Foul Ball, location: 2F
3-2: Foul Ball, location: 2F
3-2: Fly out, F4 (Popup, 4MD)
Batting: RHB Ben Wilson 0-0: Ground out 4-3 (Groundball, 4)
Top of the 1st over - 0 run(s), 0 hit(s), 0 error(s), 0 left on base; Mountain Pointe HS 0 - Madawaska Valley HS 0
BOTTOM OF THE 1ST
Madawaska Valley HS Wolves batting - Pitching for Mountain Pointe HS : LHP José Cruz
Pitching: LHP José Cruz
Batting: RHB Adam Carpenter 0-0: Ball
1-0: Ball
2-0: Called Strike
2-1: Ball
3-1: Ground out 4-3 (Groundball, 4)
Batting: RHB Leo Snyder 0-0: Called Strike
0-1: Ball
1-1: Ball
2-1: Foul Ball, location: 2F
2-2: Strikes out looking
Batting: LHB Bob Campbell 0-0: SINGLE (Line Drive, 4MD)
Batting: SHB Steve Miner 0-0: Ball
1-0: SINGLE (Groundball, 25) (infield hit)
Bob Campbell to second
Batting: SHB Artie Adams 0-0: Swinging Strike
0-1: Ground out 4-3 (Groundball, 4)
Bottom of the 1st over - 0 run(s), 2 hit(s), 0 error(s), 2 left on base; Mountain Pointe HS 0 - Madawaska Valley HS 0
TOP OF THE 2ND
Mountain Pointe HS batting - Pitching for Madawaska Valley HS Wolves : RHP Greg Yager
Batting: RHB Marshall Gross 0-0: Called Strike
0-1: Foul Ball, location: 2F
0-2: Ball
1-2: Strikes out swinging
Batting: RHB Harry Edwards 0-0: Ball
1-0: Ball
2-0: Called Strike
2-1: Foul Ball, location: 2F
2-2: Strikes out swinging
Batting: RHB Ashton Murray 0-0: Swinging Strike
0-1: Swinging Strike
0-2: Ball
1-2: Foul Ball, location: 2F
1-2: Strikes out looking
Top of the 2nd over - 0 run(s), 0 hit(s), 0 error(s), 0 left on base; Mountain Pointe HS 0 - Madawaska Valley HS 0
BOTTOM OF THE 2ND
Madawaska Valley HS Wolves batting - Pitching for Mountain Pointe HS : LHP José Cruz
Batting: LHB Marv Gardner 0-0: Ball
1-0: Ball
2-0: SINGLE (Line Drive, 89S)
Batting: RHB Enrique Navarro 0-0: Ball
1-0: Ball
2-0: Ball
3-0: Called Strike
3-1: Foul Ball, location: 2F
3-2: Base on Balls
Marv Gardner to second
Batting: RHB David Simmons 0-0: Ball
1-0: Foul Ball, location: 2F
1-1: Fly out, F9 (Flyball, 89S)
Batting: RHB Weldon Lott 0-0: SINGLE (Groundball, 25) (infield hit)
Marv Gardner to third
Enrique Navarro to second
Batting: RHB Adam Carpenter 0-0: Ball
1-0: Ball
2-0: Called Strike
2-1: Fly out, F8 (Flyball, 8LM)
Batting: RHB Leo Snyder 0-0: Ball
1-0: Ball
Wild Pitch!
Marv Gardner scores
Enrique Navarro to third
Weldon Lott to second
2-0: 3-RUN HOME RUN (Flyball, 7D), Distance : 385 ft
Batting: LHB Bob Campbell 0-0: Called Strike
0-1: Foul Ball, location: 2F
0-2: SINGLE (Groundball, 56S) (infield hit)
Batting: SHB Steve Miner 0-0: Called Strike
0-1: Foul Ball, location: 2F
0-2: Strikes out swinging
Bottom of the 2nd over - 4 run(s), 4 hit(s), 0 error(s), 1 left on base; Mountain Pointe HS 0 - Madawaska Valley HS 4
TOP OF THE 3RD
Mountain Pointe HS batting - Pitching for Madawaska Valley HS Wolves : RHP Greg Yager
Batting: RHB Troy Legge 0-0: Ball
1-0: Called Strike
1-1: Ball
2-1: Foul Ball, location: 2F
2-2: SINGLE (Groundball, 56)
Batting: SHB Paul Campbell 0-0: Called Strike
0-1: Called Strike
0-2: SINGLE (Line Drive, 78M)
Troy Legge to second
Troy Legge to third
Batting: RHB Richard Bass 0-0: Called Strike
0-1: Foul Ball, location: 2F
0-2: Strikes out swinging
Batting: RHB Charlie Pérez 0-0: Ball
Paul Campbell steals 2nd base
1-0: Ball
2-0: Ball
3-0: Base on Balls
Batting: LHB Rob Johnson 0-0: Called Strike
0-1: Swinging Strike
0-2: Ball
1-2: Ball
2-2: Strikes out looking
Batting: RHB Ben Wilson 0-0: Ball
1-0: Ball
2-0: Fly out, F7 (Flyball, 78M)
Top of the 3rd over - 0 run(s), 2 hit(s), 0 error(s), 3 left on base; Mountain Pointe HS 0 - Madawaska Valley HS 4
BOTTOM OF THE 3RD
Madawaska Valley HS Wolves batting - Pitching for Mountain Pointe HS : LHP José Cruz
Batting: SHB Artie Adams 0-0: Ball
1-0: Ball
2-0: Called Strike
2-1: Foul Ball, location: 2F
2-2: Ball
3-2: Ground out 6-3 (Groundball, 6M)
Batting: LHB Marv Gardner 0-0: Ball
1-0: Swinging Strike
1-1: Ball
2-1: Foul Ball, location: 2F
2-2: Ball
3-2: Ground out 3-1 (Groundball, 3)
Batting: RHB Enrique Navarro 0-0: Ball
1-0: Ball
2-0: Ball
3-0: Base on Balls
Batting: RHB David Simmons 0-0: Fielders Choice at 2nd, U6 (Groundball, 6M)
Bottom of the 3rd over - 0 run(s), 0 hit(s), 0 error(s), 1 left on base; Mountain Pointe HS 0 - Madawaska Valley HS 4
TOP OF THE 4TH
Mountain Pointe HS batting - Pitching for Madawaska Valley HS Wolves : RHP Greg Yager
Batting: RHB Marshall Gross 0-0: Called Strike
0-1: Foul Ball, location: 2F
0-2: Strikes out swinging
Batting: RHB Harry Edwards 0-0: Ball
1-0: Ball
2-0: Fly out, F8 (Flyball, 8LM)
Batting: RHB Ashton Murray 0-0: Fly out, F8 (Flyball, 8RM)
Top of the 4th over - 0 run(s), 0 hit(s), 0 error(s), 0 left on base; Mountain Pointe HS 0 - Madawaska Valley HS 4
BOTTOM OF THE 4TH
Madawaska Valley HS Wolves batting - Pitching for Mountain Pointe HS : LHP José Cruz
Batting: RHB Weldon Lott 0-0: Ball
1-0: Foul Ball, location: 2F
1-1: Ball
2-1: Foul Ball, location: 2F
2-2: Fly out, F4 (Popup, 34D)
Batting: RHB Adam Carpenter 0-0: Ball
1-0: Ball
2-0: Ball
3-0: Base on Balls
Batting: RHB Leo Snyder 0-0: Ball
Wild Pitch!
Adam Carpenter to second
1-0: Ground out 1-3 (Groundball, 13S)
Adam Carpenter to third
Batting: LHB Bob Campbell 0-0: Called Strike
0-1: Ball
1-1: Ball
2-1: Ground out 1-3 (Groundball, 13)
Bottom of the 4th over - 0 run(s), 0 hit(s), 0 error(s), 1 left on base; Mountain Pointe HS 0 - Madawaska Valley HS 4
TOP OF THE 5TH
Mountain Pointe HS batting - Pitching for Madawaska Valley HS Wolves : RHP Greg Yager
Batting: RHB Troy Legge 0-0: Foul Ball, location: 2F
0-1: Called Strike
0-2: Fly out, F4 (Popup, 4)
Batting: SHB Paul Campbell 0-0: Swinging Strike
0-1: Ball
1-1: Swinging Strike
1-2: Strikes out swinging
Batting: RHB Richard Bass 0-0: Ball
1-0: Fly out, F8 (Line Drive, 8LM)
Top of the 5th over - 0 run(s), 0 hit(s), 0 error(s), 0 left on base; Mountain Pointe HS 0 - Madawaska Valley HS 4
BOTTOM OF THE 5TH
Madawaska Valley HS Wolves batting - Pitching for Mountain Pointe HS : LHP José Cruz
Batting: SHB Steve Miner 0-0: Called Strike
0-1: Ground out 6-3 (Groundball, 6M)
Batting: SHB Artie Adams 0-0: Ball
1-0: Fly out, F1 (Popup, 15S)
Batting: LHB Marv Gardner 0-0: Called Strike
0-1: DOUBLE (Groundball, 3L)
Batting: RHB Enrique Navarro 0-0: Called Strike
0-1: Ball
1-1: Foul Ball, location: 2F
1-2: Ball
2-2: Ball
3-2: Strikes out swinging
Bottom of the 5th over - 0 run(s), 1 hit(s), 0 error(s), 1 left on base; Mountain Pointe HS 0 - Madawaska Valley HS 4
TOP OF THE 6TH
Mountain Pointe HS batting - Pitching for Madawaska Valley HS Wolves : RHP Greg Yager
Batting: RHB Charlie Pérez 0-0: Ball
1-0: Ball
2-0: Swinging Strike
2-1: Ball
3-1: Called Strike
3-2: Strikes out swinging
Batting: LHB Rob Johnson 0-0: Called Strike
0-1: Ball
1-1: Hit by Pitch
Batting: RHB Ben Wilson 0-0: Ball
1-0: Foul Ball, location: 2F
1-1: Ball
2-1: Foul Ball, location: 2F
2-2: Strikes out swinging
Pitching: RHP Peyton Lill
Batting: RHB Marshall Gross 0-0: Ball
1-0: Reached on error, E6 (Groundball, 56)
Rob Johnson to second
Batting: RHB Harry Edwards 0-0: Ball
1-0: Foul Ball, location: 2F
1-1: SINGLE (Groundball, 56D)
Rob Johnson to third
Marshall Gross to second
Runner from 3rd tries for Home, SAFE, no throw or cutoff
Batting: RHB Ashton Murray 0-0: Swinging Strike
0-1: Swinging Strike
0-2: Fly out, F8 (Flyball, 8LM)
Top of the 6th over - 1 run(s), 1 hit(s), 1 error(s), 2 left on base; Mountain Pointe HS 1 - Madawaska Valley HS 4
BOTTOM OF THE 6TH
Madawaska Valley HS Wolves batting - Pitching for Mountain Pointe HS : LHP José Cruz
Pitching: RHP Doug Roberts
Batting: RHB David Simmons 0-0: SINGLE (Line Drive, 78M)
Batting: RHB Weldon Lott 0-0: Called Strike
0-1: Ball
1-1: Ball
2-1: Foul Ball, location: 2F
2-2: Ball
3-2: Foul Ball, location: 2F
3-2: SINGLE (Line Drive, 8RM)
David Simmons to second
Batting: RHB Adam Carpenter 0-0: Ball
1-0: Fly out, F9 (Flyball, 89M)
Runner from 2nd tags up, SAFE at 3rd with throw
Batting: RHB Leo Snyder 0-0: Ball
1-0: Called Strike
1-1: Ball
Reached via error on a dropped throw, E6
David Simmons scores
Weldon Lott to second
Batting: LHB Bob Campbell 0-0: Ball
1-0: Ground out 4-3 (Groundball, 4M)
Weldon Lott to third
Leo Snyder to second
Batting: SHB Steve Miner 0-0: Ball
1-0: Ball
2-0: Ball
3-0: Base on Balls
Batting: SHB Artie Adams 0-0: Called Strike
0-1: Reached on error, E3 (Groundball, 34S)
Weldon Lott scores
Leo Snyder to third
Steve Miner to second
Batting: LHB Marv Gardner 0-0: Ground out 1-3 (Groundball, 13)
Bottom of the 6th over - 2 run(s), 2 hit(s), 2 error(s), 3 left on base; Mountain Pointe HS 1 - Madawaska Valley HS 6
TOP OF THE 7TH
Mountain Pointe HS batting - Pitching for Madawaska Valley HS Wolves : RHP Peyton Lill
Batting: RHB Troy Legge 0-0: Ball
1-0: Foul Ball, location: 2F
1-1: Called Strike
1-2: Ground out 5-3 (Groundball, 56)
Batting: SHB Paul Campbell 0-0: Fly out, F7 (Flyball, 78M)
Batting: RHB Richard Bass 0-0: Ball
1-0: Ball
2-0: Ball
3-0: Called Strike
3-1: SOLO HOME RUN (Line Drive, 9D), Distance : 411 ft
Batting: RHB Charlie Pérez 0-0: Ball
1-0: Ball
2-0: SOLO HOME RUN (Flyball, 78XD), Distance : 436 ft
Batting: LHB Rob Johnson 0-0: Called Strike
0-1: Ball
1-1: Ball
2-1: Ball
3-1: Foul Ball, location: 2F
3-2: Base on Balls
Batting: RHB Ben Wilson 0-0: Called Strike
0-1: Ball
1-1: DOUBLE (Flyball, 89M)
Rob Johnson to third
Runner from 3rd tries for Home, SAFE, no throw or cutoff
Batting: RHB Marshall Gross 0-0: Ball
1-0: Ball
2-0: Ball
3-0: Called Strike
3-1: Base on Balls
Batting: RHB Harry Edwards 0-0: Called Strike
0-1: Fly out, F9 (Flyball, 89M)
Top of the 7th over - 3 run(s), 3 hit(s), 0 error(s), 2 left on base; Mountain Pointe HS 4 - Madawaska Valley HS 6
BOTTOM OF THE 7TH
Madawaska Valley HS Wolves batting - Pitching for Mountain Pointe HS : RHP Doug Roberts
Batting: RHB Enrique Navarro 0-0: Ball
1-0: Ball
2-0: Swinging Strike
2-1: Ball
3-1: SOLO HOME RUN (Flyball, 7D), Distance : 395 ft
Batting: RHB David Simmons 0-0: Ball
1-0: Swinging Strike
1-1: Fly out, F9 (Flyball, 9S)
Batting: RHB Weldon Lott 0-0: Ball
1-0: Foul Ball, location: 2F
1-1: Ball
2-1: Foul Ball, location: 2F
2-2: Ball
3-2: Foul Ball, location: 2F
3-2: Strikes out swinging
Batting: RHB Adam Carpenter 0-0: Called Strike
0-1: Ball
1-1: Called Strike
1-2: SOLO HOME RUN (Line Drive, 7D), Distance : 388 ft
Batting: RHB Leo Snyder 0-0: Foul Ball, location: 2F
0-1: Foul Ball, location: 2F
0-2: Foul Ball, location: 2F
0-2: Ball
1-2: Strikes out looking
Bottom of the 7th over - 2 run(s), 2 hit(s), 0 error(s), 0 left on base; Mountain Pointe HS 4 - Madawaska Valley HS 8
TOP OF THE 8TH
Mountain Pointe HS batting - Pitching for Madawaska Valley HS Wolves : RHP Peyton Lill
Batting: RHB Ashton Murray 0-0: Called Strike
0-1: Foul Ball, location: 2F
0-2: Foul Ball, location: 2F
0-2: Ball
1-2: Foul Ball, location: 2F
1-2: Strikes out looking
Batting: RHB Troy Legge 0-0: Called Strike
0-1: Ball
1-1: Ball
2-1: Ball
3-1: Base on Balls
Batting: SHB Paul Campbell 0-0: Called Strike
0-1: Fly out, F8 (Flyball, 78M)
Batting: RHB Richard Bass 0-0: Called Strike
0-1: 2-RUN HOME RUN (Line Drive, 7D), Distance : 390 ft
Pitching: RHP Charlie Willis
Batting: RHB Charlie Pérez 0-0: Ball
1-0: Ball
2-0: Foul Ball, location: 2F
2-1: Foul Ball, location: 2F
2-2: Foul Ball, location: 2F
2-2: Ball
3-2: Base on Balls
Pitching: RHP Kevin Lester
Batting: LHB Rob Johnson 0-0: Called Strike
0-1: Ball
1-1: Ball
2-1: Swinging Strike
2-2: Foul Ball, location: 2F
2-2: Strikes out swinging
Top of the 8th over - 2 run(s), 1 hit(s), 0 error(s), 1 left on base; Mountain Pointe HS 6 - Madawaska Valley HS 8
BOTTOM OF THE 8TH
Madawaska Valley HS Wolves batting - Pitching for Mountain Pointe HS : RHP Doug Roberts
Pitching: RHP Martin Couturier
Batting: LHB Bob Campbell 0-0: Ball
1-0: Called Strike
1-1: Ball
2-1: SINGLE (Flyball, 78S)
Batting: SHB Steve Miner 0-0: Ball
1-0: DOUBLE (Groundball, 3L)
Bob Campbell to third
Batting: SHB Artie Adams 0-0: Called Strike
0-1: Ball
1-1: Called Strike
1-2: Ball
2-2: SINGLE (Groundball, 34D)
Bob Campbell scores
Steve Miner to third
Runner from 3rd tries for Home, SAFE, throw made home
Batting: LHB Marv Gardner 0-0: Ball
1-0: Ball
2-0: Sac Bunt - play at first, batter OUT! 3-4
Artie Adams to second
Batting: RHB Enrique Navarro 0-0: Swinging Strike
0-1: Ball
1-1: Ball
2-1: Foul Ball, location: 2F
2-2: Fly out, F8 (Line Drive, 8LM)
Batting: RHB David Simmons 0-0: SINGLE (Line Drive, 8LS)
Artie Adams to third
Runner from 3rd tries for Home, SAFE, no throw or cutoff
Batting: RHB Weldon Lott 0-0: DOUBLE (Line Drive, 7LM)
David Simmons to third
Runner from 3rd tries for Home, SAFE, no throw or cutoff
Pitching: RHP Carl Brady
Batting: RHB Adam Carpenter 0-0: Called Strike
0-1: Reached on error, E5 (Groundball, 5)
Weldon Lott scores
Batting: RHB Leo Snyder 0-0: Reached on error, E6 (Groundball, 6)
Adam Carpenter scores
Batting: LHB Bob Campbell 0-0: Foul Ball, location: 2F
0-1: Ball
1-1: 2-RUN HOME RUN (Flyball, 7D), Distance : 397 ft
Batting: SHB Steve Miner 0-0: Ball
1-0: Ball
2-0: Ball
3-0: Base on Balls
Batting: SHB Artie Adams 0-0: Foul Ball, location: 2F
0-1: Ball
1-1: Ball
2-1: Fielders Choice at 2nd, 6-4 (Groundball, 6)
Bottom of the 8th over - 8 run(s), 6 hit(s), 2 error(s), 0 left on base; Mountain Pointe HS 6 - Madawaska Valley HS 16
TOP OF THE 9TH
Mountain Pointe HS batting - Pitching for Madawaska Valley HS Wolves : RHP Kevin Lester
Batting: RHB Ben Wilson 0-0: Called Strike
0-1: Foul Ball, location: 2F
0-2: Foul Ball, location: 2F
0-2: Ball
1-2: Ball
2-2: Foul Ball, location: 2F
2-2: Ball
3-2: Fly out, F9 (Line Drive, 9M)
Batting: RHB Marshall Gross 0-0: Foul Ball, location: 2F
0-1: Foul Ball, location: 2F
0-2: Ball
1-2: Foul Ball, location: 2F
1-2: Foul Ball, location: 2F
1-2: Strikes out swinging
Batting: RHB Harry Edwards 0-0: SINGLE (Line Drive, 56D)
Batting: RHB Ashton Murray 0-0: Foul Ball, location: 2F
0-1: Fly out, F3 (Popup, 3S)
Top of the 9th over - 0 run(s), 1 hit(s), 0 error(s), 1 left on base; Mountain Pointe HS 6 - Madawaska Valley HS 16
Monday, December 5th, 2016 - OOTP Baseball 17.12 Build 75